 Dungeon Crawl Stone Soup version 0.30-a0-743-gbfdf073431 (webtiles) character file.

Game seed: 5944637015272306403

252 Hubris850 the Skirmisher (level 5, -8/29 HPs)
             Began as a Deep Elf Hunter on Feb 6, 2023.
             Was a Believer of Uskayaw.
             Mangled by an ice beast (14 damage)
             ... on level 5 of the Dungeon.
             The game lasted 00:06:44 (3489 turns).

Hubris850 the Skirmisher (Deep Elf Hunter)          Turns: 3489, Time: 00:06:45

Health: -8/29      AC:  6    Str:  8    XL:     5   Next: 89%
Magic:  7/7        EV: 12    Int: 16    God:    Uskayaw [**....]
Gold:   221        SH:  0    Dex: 18    Spells: 4/4 levels left

rFire   + . .      SeeInvis .    a - +1 shortbow
rCold   . . .      Faith    .    (shield currently unavailable)
rNeg    . . .      Spirit   .    c - +0 leather armour
rPois   .          Reflect  .    l - +0 helmet
rElec   .          Harm     .    o - +0 cloak
rCorr   .          Rampage  .    (no gloves)
Will    +....                    p - +0 pair of boots
Stlth   ++                       (no amulet)
HPRegen 0.24/turn                m - ring of willpower
MPRegen 0.10/turn                i - ring of protection from fire

@: no status effects
A: no striking features
a: Renounce Religion, Stomp, Line Pass


You were on level 5 of the Dungeon.
You worshipped Uskayaw.
Uskayaw was noncommittal.
You visited 2 branches of the dungeon, and saw 6 of its levels.

You collected 221 gold pieces.

Inventory:

Hand Weapons
 a - a +1 shortbow (weapon)
 r - a +2 short sword of holy wrath
Missiles
 d - 11 poisoned darts
 k - 6 boomerangs
 q - 4 atropa-tipped darts
Armour
 c - a +0 leather armour (worn)
 l - a +0 helmet (worn)
 o - a +0 cloak (worn)
 p - a +0 pair of boots (worn)
Jewellery
 g - a ring of resist corrosion
 i - a ring of protection from fire (right hand)
 m - a ring of willpower (left hand)
Scrolls
 b - 3 scrolls of immolation
 j - a scroll of magic mapping
Potions
 e - a potion of brilliance {unknown}
 f - 2 potions of curing
 h - a potion of resistance {unknown}
 n - a potion of heal wounds {unknown}
 s - 2 potions of magic {unknown}


   Skills:
 - Level 1.5 Fighting
 + Level 9.5 Ranged Weapons
 - Level 2.4 Dodging
 - Level 1.2 Stealth


You had 4 spell levels left.
You didn't know any spells.
Your spell library contained the following spells:

 Spells                   Type           Power      Damage    Failure   Level
 Shock                    Conj/Air       0%         1d3       36%         1
 Swiftness                Air            0%         N/A       73%         3
 Airstrike                Air            0%         2d(0-16)  98%         4
 Freezing Cloud           Conj/Ice/Air   0%         6-21      100%        5
 Simulacrum               Ice/Necr       0%         N/A       100%        6
 Polar Vortex             Ice            0%         N/A       100%        9


Dungeon Overview and Level Annotations

Branches:
Dungeon (5/15)             Temple (1/1) D:4

Altars:
Ashenzari
Cheibriados
Fedhas
Gozag
Hepliaklqana
Kikubaaqudgha
Makhleb
Sif Muna
Trog
Uskayaw


Message History

The ice beast barely misses you.
Fire: a) +1 shortbow
Press: ? - help, Q - select action, (/) - cycle Shift-Dir - straight line, f/p - ice beast
Aim: an ice beast (moderately wounded, 66% to hit)
You shoot an arrow.
The arrow hits the ice beast but does no damage.
The ice beast is moderately wounded.
The ice beast completely misses you.
Fire: a) +1 shortbow
Press: ? - help, Q - select action, (/) - cycle Shift-Dir - straight line, f/p - ice beast
Aim: an ice beast (moderately wounded, 66% to hit)
You shoot an arrow. The arrow hits the ice beast.
The ice beast is heavily wounded.
The ice beast closely misses you.
Fire: a) +1 shortbow
Press: ? - help, Q - select action, (/) - cycle Shift-Dir - straight line, f/p - ice beast
Aim: an ice beast (heavily wounded, 66% to hit)
You shoot an arrow. The arrow closely misses the ice beast.
The ice beast misses you.
Fire: a) +1 shortbow
Press: ? - help, Q - select action, (/) - cycle Shift-Dir - straight line, f/p - ice beast
Aim: an ice beast (heavily wounded, 66% to hit)
You shoot an arrow. The arrow hits the ice beast!
The ice beast is almost dead.
The ice beast hits you but does no damage.
You can now pass through a line of other dancers.
Fire: a) +1 shortbow
Press: ? - help, Q - select action, (/) - cycle Shift-Dir - straight line, f/p - ice beast
Aim: an ice beast (almost dead, 66% to hit)
You shoot an arrow. The arrow closely misses the ice beast.
The ice beast hits you but does no damage.
Fire: a) +1 shortbow
Press: ? - help, Q - select action, (/) - cycle Shift-Dir - straight line, f/p - ice beast
Aim: an ice beast (almost dead, 66% to hit)
You shoot an arrow. The arrow hits the ice beast.
The ice beast is almost dead.
The ice beast hits you.
* * * LOW HITPOINT WARNING * * *
The ice beast freezes you!
You die...

#...# #...## ### #.>.#
#### #.....
..###...###...
####....####.............
.............# #.........
.............# #.........
.............###...###...
#....####.......# #...
#...Y@....###...# #...
#....###### #.### ####
#....# #.......# #....#
#.##.##.# ......# # #..
.. ####.#.. ... #.. ..#.#
##.# # ###### .. ..


You could see an ice beast.

Vanquished Creatures
  A scorpion (D:4)
  An orc priest (D:3)
  2 orc wizards (D:3)
  4 adders
  2 worms (D:4)
  3 dart slugs (D:1)
  7 orcs
  7 endoplasms
  5 giant cockroaches
  4 goblins
  4 hobgoblins
  A quokka (D:4)
  2 ball pythons
  3 bats
  3 frilled lizards (D:3)
  4 kobolds
  4 rats (D:1)
57 creatures vanquished.

Vanquished Creatures (others)
  A human (D:4)
  2 plants (D:1)
3 creatures vanquished.

Grand Total: 60 creatures vanquished

Notes
Turn   | Place    | Note
-------+----------+-------------------------------------------
     0 | D:1      | Hubris850 the Deep Elf Hunter began the quest for the Orb.
     0 | D:1      | Reached XP level 1. HP: 12/12 MP: 3/3
   410 | D:1      | Reached XP level 2. HP: 16/16 MP: 4/4
   425 | D:1      | Reached skill level 6 in Ranged Weapons
  1333 | D:2      | Reached XP level 3. HP: 20/20 MP: 5/5
  1454 | D:2      | Reached skill level 7 in Ranged Weapons
  2015 | D:3      | Reached XP level 4. HP: 8/25 MP: 6/6
  2454 | D:3      | Reached skill level 8 in Ranged Weapons
  2464 | D:3      | Reached XP level 5. HP: 15/29 MP: 7/7
  2522 | D:3      | Found a blossoming altar of Fedhas.
  2626 | D:3      | Found a snail-covered altar of Cheibriados.
  2875 | D:4      | Found a staircase to the Ecumenical Temple.
  2885 | Temple   | Entered the Ecumenical Temple
  2903 | Temple   | Became a worshipper of Uskayaw the Reveller
  2980 | D:4      | Reached * piety under Uskayaw
  2984 | D:4      | Reached ** piety under Uskayaw
  2986 | D:4      | Reached skill level 9 in Ranged Weapons
  3081 | D:4      | Found a shimmering blue altar of Sif Muna.
  3147 | D:4      | Found an ancient bone altar of Kikubaaqudgha.
  3155 | D:4      | Noticed a human
  3156 | D:4      | Killed a human
  3446 | D:5      | Entered Level 5 of the Dungeon
  3471 | D:5      | Noticed an ice beast
  3489 | D:5      | Mangled by an ice beast

Illustrated notes

Levels and vault maps discovered:
D:1:      ebering_hopf_link, layout_basic, grunt_decor_fettered,
          serial_bayou_ford_a
D:2:      layout_basic
D:3:      layout_loops_cross, mainiacjoe_overflow_alcove_4,
          overflow_temple_1_default, moated_statue
D:4:      layout_basic, nicolae_sif_muna_little_library, tgw_kikubaaqudgha,
          minmay_temple_entry_ruins
D:5:      layout_loops_cross, lightli_sewer_entry_pipes
Temple:   chequers_temple_sunken

Skill      XL: |  1  2  3  4  5 |
---------------+----------------+-----
Ranged Weapons | 6 7 8 9 |  9.5
Fighting       | |  1.5
Dodging        | |  2.4
Stealth        | |  1.2

Action                     |  1- 3 |  4- 6 || total
---------------------------+-------+-------++-------
   Fire: Shortbow          |    61 |   107 ||   168
    Use: Scroll            |     6 |       ||     6
         Potion            |       |     1 ||     1
 Armour: Leather armour    |     1 |    21 ||    22
  Dodge: Dodged            |     7 |    23 ||    30

Table legend: (Time is in decaauts)
 A = Elapsed time spent in this place.
 B = Non-inter-level travel time spent in this place.
 C = Inter-level travel time spent in this place.
 D = Time resting spent in this place.
 E = Time spent auto-exploring this place.
 F = Levels seen in this place.
 G = Mean time per level.
                   A        B        C        D        E       F      G
               +--------+--------+--------+--------+--------+-----+--------+
         Total |   3501 |   3406 |     95 |    182 |   2795 |   6 |  583.5 |
       Dungeon |   3467 |   3386 |     81 |    182 |   2784 |   5 |  693.4 |
        Temple |     34 |     20 |     14 |      0 |     10 |   1 |   34.0 |
               +--------+--------+--------+--------+--------+-----+--------+

Top non-repeatable levels by time:
     D:1: 1253 daAuts
     D:3: 782 daAuts
     D:2: 719 daAuts
     D:4: 668 daAuts
     D:5: 43 daAuts
  Temple: 34 daAuts
